 Dungeon Crawl Stone Soup version 0.29-a0-664-gff9cad4a3d (webtiles) character file.

Game seed: 18077541922680121834

151 zishaf the Magician (level 4, -1/36 HPs)
             Began as a Demigod Wanderer on June 22, 2022.
             Slain by an orc priest
             ... wielding a +0 short sword
              (3 damage)
             ... on level 2 of the Dungeon.
             The game lasted 00:05:54 (3053 turns).

zishaf the Magician (Demigod Wanderer)              Turns: 3053, Time: 00:05:55

Health: -1/36      AC:  6    Str:  9    XL:     4   Next: 86%
Magic:  0/11       EV:  9    Int: 20    God:
Gold:   58         SH:  7    Dex: 15    Spells: 8/9 levels left

rFire   . . .      SeeInvis .   f - +0 short sword (spect)
rCold   . . .      Faith    .   d - +2 buckler
rNeg    . . .      Spirit   .   b - +0 ring mail
rPois   .          Reflect  .   a - +0 helmet
rElec   .          Harm     .   (no cloak)
rCorr   .          Rampage  .   (no gloves)
Will    .....                   (no boots)
Stlth   +.........              (no amulet)
HPRegen 0.12/turn               (no ring)
MPRegen 0.12/turn               (no ring)

@: very slightly contaminated
A: high MP 1, forlorn, divine attributes
a: no special abilities


You were on level 2 of the Dungeon.
You visited 1 branch of the dungeon, and saw 3 of its levels.

You collected 58 gold pieces.

Inventory:

Hand Weapons
 f - a +0 spectral short sword (weapon)
Armour
 a - a +0 helmet (worn)
 b - a +0 ring mail (worn)
 d - a +2 buckler (worn)
Scrolls
 k - a scroll of fear {unknown}
Potions
 c - a potion of heal wounds
 e - a potion of flight {unknown}
 i - a potion of brilliance {unknown}


   Skills:
 + Level 2.1 Fighting
 - Level 2.0 Armour
 - Level 1.0 Dodging
 + Level 3.0 Shields
 - Level 3.0 Spellcasting
 + Level 2.5 Necromancy
 - Level 1.0 Evocations


You had 8 spell levels left.
You knew the following spells:

 Your Spells              Type           Power      Damage    Failure   Level
a - Necrotize             Necr           52%        1d6       19%         1

Your spell library contained the following spells:

 Spells                   Type           Power      Damage    Failure   Level
 Apportation              Tloc           6%         N/A       45%         1
 Vampiric Draining        Necr           13%        2d6       50%         3
 Animate Dead             Necr           13%        N/A       88%         4
 Alistair's Intoxication  Tmut/Pois      2%         N/A       100%        5
 Haunt                    Necr/Summ      4%         N/A       100%        7
 Infestation              Necr           6%         N/A       100%        8


Dungeon Overview and Level Annotations

Branches:
Dungeon (3/15)


Innate Abilities, Weirdness & Mutations

You have an increased reservoir of magic. (+10% MP)
You shall have no god before yourself.
Your divine heritage dramatically boosts your attributes as you level up.


Message History

Casting: Necrotize (safe; 19% risk of failure)
Confirm with . or Enter, or press ? or * to list all spells.
Aiming: Necrotize (safe; 19% risk of failure)
Press: ? - help, Shift-Dir - straight line, f/p - orc priest
Aim: an orc priest, wielding a +0 short sword (moderately wounded, chance to affect: 69%)
The orc priest struggles to resist.
The orc priest hits you with a +0 short sword.
* * * LOW HITPOINT WARNING * * *
Casting: Necrotize (safe; 19% risk of failure)
Confirm with . or Enter, or press ? or * to list all spells.
Aiming: Necrotize (safe; 19% risk of failure)
Press: ? - help, Shift-Dir - straight line, f/p - orc priest
Aim: an orc priest, wielding a +0 short sword (moderately wounded, chance to affect: 69%)
The orc priest writhes in agony.
The orc priest closely misses you.
Casting: Necrotize (safe; 19% risk of failure)
Confirm with . or Enter, or press ? or * to list all spells.
Aiming: Necrotize (safe; 19% risk of failure)
Press: ? - help, Shift-Dir - straight line, f/p - orc priest
Aim: an orc priest, wielding a +0 short sword (heavily wounded, chance to affect: 69%)
The orc priest struggles to resist.
The orc priest barely misses you.
Casting: Necrotize (safe; 19% risk of failure)
Confirm with . or Enter, or press ? or * to list all spells.
Aiming: Necrotize (safe; 19% risk of failure)
Press: ? - help, Shift-Dir - straight line, f/p - orc priest
Aim: an orc priest, wielding a +0 short sword (heavily wounded, chance to affect: 69%)
The orc priest struggles to resist.
The orc priest closely misses you.
Casting: Necrotize (safe; 19% risk of failure)
Confirm with . or Enter, or press ? or * to list all spells.
Aiming: Necrotize (safe; 19% risk of failure)
Press: ? - help, Shift-Dir - straight line, f/p - orc priest
Aim: an orc priest, wielding a +0 short sword (heavily wounded, chance to affect: 69%)
The orc priest writhes in agony.
The orc priest looks braver for a moment.
You hit the orc priest.
The orc priest is severely wounded.
The orc priest hits you but does no damage.
You closely miss the orc priest.
The orc priest is severely wounded.
The orc priest hits you with a +0 short sword.
You die...

########### #.........#
#.........# ###
#<........# #..
#.........############..
#.......................
#####.#oo.........|.....
#.#o################
#.#@# ####
#.#.#############...
#.#.................
#.#.#############...
#.#.# #... #.#.# #...
#.#.# #... #.#.# #...
#.#.# ####


You could see an orc priest and 2 orcs.

Vanquished Creatures
  A scorpion (D:2)
  Terence (D:2)
  Robin (D:1)
  2 adders (D:2)
  A dart slug (D:2)
  3 endoplasms
  2 giant cockroaches (D:2)
  8 goblins
  4 hobgoblins
  2 quokkas (D:1)
  3 ball pythons
  4 bats
  3 frilled lizards
  4 kobolds
  A rat (D:1)
40 creatures vanquished.

Vanquished Creatures (collateral kills)
  A dart slug (D:1)
  A bat (D:1)
2 creatures vanquished.

Grand Total: 42 creatures vanquished

Notes
Turn   | Place    | Note
-------+----------+-------------------------------------------
     0 | D:1      | zishaf the Demigod Wanderer began the quest for the Orb.
     0 | D:1      | zishaf set off with the following items: a +0 dagger, a +0
                  | ring mail, a potion of heal wounds, a +2 buckler; and the
                  | following spell memorised: Necrotize; and the following
                  | spells available to memorise: Vampiric Draining.
     0 | D:1      | Reached XP level 1. HP: 14/14 MP: 6/6
   334 | D:1      | Reached XP level 2. HP: 21/22 MP: 8/8
  1199 | D:2      | Reached skill level 1 in Fighting
  1405 | D:2      | Reached XP level 3. HP: 19/28 MP: 1/10
  1594 | D:2      | Noticed a scorpion
  1606 | D:2      | Killed a scorpion
  1607 | D:2      | Reached XP level 4. HP: 27/36 MP: 7/11
  1810 | D:2      | Noticed Robin
  1941 | D:1      | Killed Robin
  2699 | D:2      | Noticed Terence
  2713 | D:2      | Killed Terence
  3053 | D:2      | Slain by an orc priest

Illustrated notes

Levels and vault maps discovered:
D:1:      lightli_arrival_boilingwater, layout_basic,
          ebering_ecumenical_altar_abandoned, minmay_misc_feat_pillars
D:2:      layout_basic, uniq_robin, uniq_terence
D:3:      layout_rooms, gammafunk_temple_overflow_wave,
          mainiacjoe_overflow_surrounded_room, st_stairs_2,
          chequers_serial_rivers_marsh, dk_vineyard_1

Skill      XL: |  1  2  3  4 |
---------------+-------------+-----
Armour         | 2 |  2.0
Shields        | 2 3 |  3.0
Fighting       | 1 2 |  2.1
Spellcasting   | 3 |  3.0
Necromancy     | 2 |  2.5
Dodging        | |  1.0
Evocations     | |  1.0

Action                   |  1- 3 |  4- 6 || total
-------------------------+-------+-------++-------
Melee: Dagger            |    35 |       ||    35
       Short sword       |    31 |    22 ||    53
 Cast: Necrotize         |    26 |    54 ||    80
  Use: Potion            |     1 |       ||     1
       Scroll            |       |     3 ||     3
Armor: Ring mail         |    31 |    23 ||    54
Dodge: Dodged            |    43 |    24 ||    67
Block: Buckler           |    33 |    16 ||    49

Table legend: (Time is in decaauts)
 A = Elapsed time spent in this place.
 B = Non-inter-level travel time spent in this place.
 C = Inter-level travel time spent in this place.
 D = Time resting spent in this place.
 E = Time spent auto-exploring this place.
 F = Levels seen in this place.
 G = Mean time per level.
                   A        B        C        D        E       F      G
               +--------+--------+--------+--------+--------+-----+--------+
         Total |   3079 |   2939 |    140 |    238 |   2193 |   3 | 1026.3 |
       Dungeon |   3079 |   2939 |    140 |    238 |   2193 |   3 | 1026.3 |
               +--------+--------+--------+--------+--------+-----+--------+

Top non-repeatable levels by time:
     D:2: 1736 daAuts
     D:1: 1320 daAuts
     D:3: 22 daAuts
